 Dungeon Crawl Stone Soup version 0.28-a0-872-g80cf8599ee (webtiles) character file.

Game seed: 17524595341828595100

8451 porpoise the Thaumaturge (level 11, -1/63 HPs)
             Began as a Deep Elf Conjurer on Nov 20, 2021.
             Was a Priest of Vehumet.
             Slain by a skeletal warrior (24 damage)
             ... on level 10 of the Dungeon on Nov 21, 2021.
             The game lasted 00:45:41 (12149 turns).

porpoise the Thaumaturge (Deep Elf Conjurer)       Turns: 12149, Time: 00:45:41

Health: -1/63      AC:  8    Str:  6    XL:     11   Next: 10%
Magic:  10/29      EV: 16    Int: 25    God:    Vehumet [***...]
Gold:   272        SH:  0    Dex: 19    Spells: 23/34 levels left

rFire   . . .      SeeInvis .   b - +0 hunting sling
rCold   . . .      Faith    .   (no shield)
rNeg    . . .      Spirit   .   l - +0 robe
rPois   .          Reflect  .   (no helmet)
rElec   .          Harm     .   (no cloak)
rCorr   .          Rampage  .   i - +0 pair of gloves
Will    +....                   F - +0 pair of boots
Stlth   +++.......              I - amulet of magic regeneration
HPRegen 0.20/turn               p - +4 ring of protection
MPRegen 0.46/turn               w - +6 ring of dexterity

@: no status effects
A: no striking features
a: Renounce Religion


You were on level 10 of the Dungeon.
You worshipped Vehumet.
Vehumet was most pleased with you.
You visited 2 branches of the dungeon, and saw 11 of its levels.

You collected 551 gold pieces.
You spent 279 gold pieces at shops.

Inventory:

Hand Weapons
 a - a +0 short sword of electrocution
 b - a +0 hunting sling (weapon)
 u - a +2 broad axe of draining
Missiles
 c - 323 stones
 h - 4 silver javelins
 m - 10 boomerangs
 n - 2 throwing nets
 q - 85 sling bullets (quivered ammo)
 G - 42 poisoned darts
Armour
 i - a +0 pair of gloves (worn)
 l - a +0 robe (worn)
 F - a +0 pair of boots (worn)
Jewellery
 p - a +4 ring of protection (left hand)
 r - a +4 ring of slaying
 t - an amulet of regeneration
 w - a +6 ring of dexterity (right hand)
 E - an amulet of faith
 I - an amulet of magic regeneration (around neck)
Wands
 s - a wand of charming (5)
 y - a wand of iceblast (11)
 z - a wand of flame (42)
 D - a wand of acid (4)
 H - a wand of digging (2)
Scrolls
 g - 4 scrolls of noise
 j - 6 scrolls of fog
 o - 2 scrolls of teleportation
 B - a scroll of identify
Potions
 d - a potion of might
 e - a potion of curing
 f - 2 potions of attraction
 k - a potion of mutation
 v - 6 potions of cancellation
 x - a potion of brilliance
 A - a potion of magic
 J - a potion of flight
 L - a potion of berserk rage
Miscellaneous
 C - a piece from Xom's chessboard (15/15)


   Skills:
 - Level 5.0 Fighting
 - Level 7.0 Dodging
 + Level 3.7 Stealth
 - Level 12.0 Spellcasting
 - Level 9.0 Conjurations
 - Level 9.0 Hexes
 + Level 5.5 Translocations
 - Level 5.0 Evocations


You had 23 spell levels left.
You knew the following spells:

 Your Spells              Type           Power      Damage    Failure   Level
a - Magic Dart            Conj           100%       1d8       1%          1
b - Searing Ray           Conj           100%       2d8       1%          2
c - Fulminant Prism       Conj/Hex       28%        3d14      1%          4
d - Iskenderun's Mystic   Conj/Tloc      50%        2d11      1%          4

Your spell library contained the following spells:

 Spells                   Type           Power      Damage    Failure   Level
 Ignite Poison            Fire/Tmut/Pois 15%        N/A       3%          3
 Dazzling Flash           Conj/Hex       100%       N/A       1%          3
 Portal Projectile        Hex/Tloc       100%       N/A       1%          3
 Leda's Liquefaction      Hex/Erth       18%        N/A       6%          4
 Call Canine Familiar     Summ           15%        N/A       12%         3
 Ozocubu's Armour         Ice            15%        N/A       12%         3
 Metabolic Englaciation   Hex/Ice        18%        N/A       17%         5
 Simulacrum               Ice/Necr       7%         N/A       99%         6


Dungeon Overview and Level Annotations

Branches:
Dungeon (10/15)            Temple (1/1) D:4            Lair (0/6) D:9
    Orc (0/2) D:10

Altars:
Ashenzari
Gozag
Makhleb
Nemelex Xobeh
Okawaru
Qazlal
Ru
Vehumet
Zin

Shops:
D:2 (   D:5 *   D:8 ?

Annotations:
D:4 2 transporters, hgbash's ghost, amateur GrCA
D:6 1 runed translucent door, jejorda2's ghost, novice GrBe


Message History

Press: ? - help, Shift-Dir - straight line, f - skeletal warrior
Aim: a skeletal warrior, wielding the +8 halberd of Benevolence {pain, rPois rC+} and wearing a +0 plate armour (severely damaged, ally target, 90% to hit)
The searing ray hits the skeletal warrior but does no damage.
The skeletal warrior is severely damaged. (Press . to maintain the ray.)
Your fulminant prism explodes!
You hear a bellow! x2
The searing ray hits the skeletal warrior but does no damage.
The skeletal warrior is severely damaged.
The searing ray hits the skeletal warrior but does no damage.
The skeletal warrior is severely damaged.
The skeletal warrior misses you.
The searing ray hits the skeletal warrior but does no damage.
The skeletal warrior is severely damaged.
You finish channelling your searing ray.
The skeletal warrior hits you from afar with the +8 halberd of Benevolence {pain, rPois rC+}!
Aiming: Corrosive Bolt
Press: ? - help, Shift-Dir - straight line, f/p - skeletal warrior
Aim: a skeletal warrior, wielding the +8 halberd of Benevolence {pain, rPois rC+} and wearing a +0 plate armour (severely damaged, 84% to hit)
The bolt of acid hits the skeletal warrior but does no damage.
The skeletal warrior is severely damaged.
The skeletal warrior misses you.
There's nothing to close nearby.
Save game and exit?
Okay, then.
Aiming: Corrosive Bolt
Press: ? - help, Shift-Dir - straight line, f/p - skeletal warrior
Aim: a skeletal warrior, wielding the +8 halberd of Benevolence {pain, rPois rC+} and wearing a +0 plate armour (severely damaged, 84% to hit)
The bolt of acid hits the skeletal warrior.
The acid corrodes the skeletal warrior!
The skeletal warrior is severely damaged.
The skeletal warrior hits you from afar with the +8 halberd of Benevolence {pain, rPois rC+}!!
You writhe in agony.
Aiming: Corrosive Bolt
Press: ? - help, Shift-Dir - straight line, f/p - skeletal warrior
Aim: a skeletal warrior, wielding the +8 halberd of Benevolence {pain, rPois rC+} and wearing a +0 plate armour (severely damaged, covered in acid, 84% to hit)
The bolt of acid hits the skeletal warrior!
The skeletal warrior is almost destroyed.
The skeletal warrior hits you from afar with the +8 halberd of Benevolence {pain, rPois rC+}!!
You die...

###..###....... #..
#..#.#...#.......#
##..###................#
.#.......(....<.........
......#...)..$).........
...............)>.......
...........)*..z........
...........#####.#####
......[.<.[#....@....#
..#....[)..#.#.#.#.#.#
..#....[...#..#.#.#..#
.###......[#.#.....#.#
..#.......()..#...#....
†).........#.#.....#.#.#
..##.......#..#.#.#..#..
##.##......#.#.#.#.#.#
#.
.###.......#.........#
#.


You could see a skeletal warrior (corroded).

Vanquished Creatures
  Harold (D:8)
  A hydra (D:10)
  An ugly thing (D:10)
  A gargoyle (D:10)
  Psyche (D:8)
  A meliai (D:10)
  A troll (D:10)
  Grinder (D:5)
  A wyvern (D:10)
  A wraith (D:9)
  A steam dragon (D:9)
  2 water moccasins (D:4)
  3 orc warriors
  A hornet zombie (D:5)
  2 ice beasts
  Pargi (D:4)
  4 sky beasts
  2 black bears
  An ogre (D:5)
  2 necrophages
  6 centaurs
  A kobold brigand (D:6)
  A gnoll sergeant (D:9)
  4 scorpions
  2 bullfrogs (D:6)
  10 killer bees
  6 howler monkeys
  A bullfrog zombie (D:5)
  4 centaur zombies
  8 hounds
  4 orc priests
  A centaur skeleton (D:7)
  A gnoll shaman (D:10)
  2 bullfrog skeletons
  6 iguanas
  6 orc wizards
  A centaur simulacrum (D:10)
  A hound zombie (D:5)
  A hound skeleton (D:4)
  A howler monkey zombie (D:6)
  8 gnolls
  15 adders
  3 shadow imps
  2 white imps
  An ufetubus (D:5)
  An adder zombie (D:5)
  34 orcs
  4 ball pythons
  10 bats
  6 endoplasms
  7 giant cockroaches
  10 goblins
  2 hobgoblins
  4 jackals (D:2)
  5 quokkas
  A frilled lizard (D:2)
  12 kobolds
  3 rats (D:1)
224 creatures vanquished.

Vanquished Creatures (others)
  49 fulminant prisms
49 creatures vanquished.

Grand Total: 273 creatures vanquished

Notes
Turn   | Place    | Note
-------+----------+-------------------------------------------
     0 | D:1      | porpoise the Deep Elf Conjurer began the quest for the Orb.
     0 | D:1      | Reached XP level 1. HP: 10/10 MP: 6/6
   247 | D:1      | Reached XP level 2. HP: 15/15 MP: 6/8
   665 | D:1      | Found a faded altar of an unknown god.
   980 | D:1      | Learned a level 2 spell: Searing Ray
  1009 | D:2      | Reached skill level 4 in Spellcasting
  1067 | D:2      | Reached skill level 5 in Conjurations
  1114 | D:2      | Reached XP level 3. HP: 19/19 MP: 8/10
  1377 | D:2      | Found Yckoese's Weapon Shoppe.
  2142 | D:3      | Reached XP level 4. HP: 24/24 MP: 10/12
  2169 | D:3      | Learned a level 4 spell: Fulminant Prism
  2174 | D:3      | Learned a level 4 spell: Iskenderun's Mystic Blast
  2332 | D:3      | Reached skill level 1 in Hexes
  2501 | D:3      | Reached skill level 5 in Spellcasting
  2653 | D:3      | Reached XP level 5. HP: 28/28 MP: 10/15
  3088 | D:4      | Noticed a water moccasin
  3096 | D:4      | Killed a water moccasin
  3097 | D:4      | Reached skill level 6 in Spellcasting
  3379 | D:4      | Reached XP level 6. HP: 28/32 MP: 12/17
  3442 | D:4      | Noticed Pargi
  3636 | D:4      | Noticed hgbash's ghost (amateur GrCA)
  3733 | D:4      | Found a staircase to the Ecumenical Temple.
  3749 | Temple   | Entered the Ecumenical Temple
  3758 | Temple   | Became a worshipper of Vehumet
  3783 | D:4      | Reached skill level 7 in Spellcasting
  3783 | D:4      | Reached skill level 5 in Hexes
  4054 | D:4      | Reached skill level 1 in Translocations
  4054 | D:4      | Reached XP level 7. HP: 28/36 MP: 9/19
  4473 | D:4      | Killed Pargi
  4580 | D:4      | Found a transporter.
  4629 | D:4      | Found a transporter.
  4724 | D:5      | Entered Level 5 of the Dungeon
  4765 | D:5      | Found Oqimp's Assorted Antiques.
  4777 | D:5      | Bought a ruby potion for 20 gold pieces
  4777 | D:5      | Bought a coppery potion for 20 gold pieces
  4777 | D:5      | Bought a fuming puce potion for 20 gold pieces
  4777 | D:5      | Bought a ruby potion for 20 gold pieces
  4777 | D:5      | Bought a scroll labelled OMEANUU OLALUP for 23 gold pieces
  4777 | D:5      | Bought a worn gold wand for 92 gold pieces
  5006 | D:5      | Noticed Grinder
  5014 | D:5      | Killed Grinder
  5015 | D:5      | Reached XP level 8. HP: 17/41 MP: 4/20
  5015 | D:5      | Reached * piety under Vehumet
  5015 | D:5      | Offered knowledge of Shock by Vehumet.
  5136 | D:4      | Reached skill level 5 in Translocations
  5628 | D:5      | Reached skill level 8 in Spellcasting
  5783 | D:5      | Reached skill level 9 in Spellcasting
  5969 | D:5      | Reached skill level 1 in Fighting
  6154 | D:6      | Reached XP level 9. HP: 48/48 MP: 14/24
  6276 | D:6      | Found a runed translucent door.
  6276 | D:6      | Noticed jejorda2's ghost (novice GrBe)
  6397 | D:6      | Reached skill level 10 in Spellcasting
  6455 | D:6      | Upgraded the game from 0.28-a0-863-g8cecda6153 to
                  | 0.28-a0-872-g80cf8599ee
  6887 | D:6      | Reached ** piety under Vehumet
  6887 | D:6      | Offered knowledge of Poisonous Vapours by Vehumet.
  7546 | D:7      | Reached skill level 11 in Spellcasting
  7874 | D:7      | Found a sacrificial altar of Ru.
  8620 | D:8      | Noticed Psyche
  8623 | D:8      | Killed Psyche
  8624 | D:8      | Reached skill level 5 in Fighting
  8627 | D:8      | Reached skill level 12 in Spellcasting
  8998 | D:8      | Found Xoew's Magic Scroll Emporium.
  9035 | D:8      | Bought a scroll of identify for 28 gold pieces
  9035 | D:8      | Bought a scroll of identify for 28 gold pieces
  9035 | D:8      | Bought a scroll of identify for 28 gold pieces
  9222 | D:8      | Noticed Harold
  9245 | D:8      | Killed Harold
  9246 | D:8      | Reached XP level 10. HP: 59/59 MP: 13/28
  9761 | D:9      | Reached skill level 5 in Dodging
 10006 | D:9      | Offered knowledge of Scorch by Vehumet.
 10198 | D:9      | Found a staircase to the Lair.
 10923 | D:10     | Entered Level 10 of the Dungeon
 11045 | D:10     | Noticed a green ugly thing
 11065 | D:10     | Killed a green ugly thing
 11090 | D:10     | HP: 2/59 [meliai/divine providence (13)]
 11092 | D:10     | Found a staircase to the Orcish Mines.
 11093 | D:10     | Reached skill level 1 in Evocations
 11231 | D:10     | Noticed a skeletal warrior
 11233 | D:10     | HP: 2/59 [wraith (5)]
 11452 | D:10     | Noticed an eight-headed hydra
 11461 | D:10     | Killed an eight-headed hydra
 11487 | D:10     | Noticed a centaur warrior
 11512 | D:10     | Reached *** piety under Vehumet
 11647 | D:10     | Noticed a gargoyle
 11658 | D:10     | Killed a gargoyle
 11662 | D:10     | Reached XP level 11. HP: 35/63 MP: 14/29
 11957 | D:10     | Reached skill level 5 in Evocations
 12098 | D:10     | Offered knowledge of Ignite Poison by Vehumet.
 12132 | D:10     | Identified the +8 halberd of Benevolence {pain, rPois rC+}
 12149 | D:10     | Slain by a skeletal warrior

Illustrated notes

Levels and vault maps discovered:
D:1:      minmay_arrival_split_and_join, layout_basic,
          shapermc_ecumenical_altar_mp_highgroup, minmay_hexomino_p4
D:2:      layout_loops_corners, serial_shops, nicolae_square_shop
D:3:      layout_basic
D:4:      layout_loops_ring, minmay_temple_entry_statues_fountains,
          gammafunk_ghost_stat_death, minmay_divided_ellipse, uniq_pargi
D:5:      layout_cave_pools, st_stairs_10, nicolae_stop_n_shop_1,
          hellmonk_bongcloud_opening, minmay_circle_x, uniq_grinder
D:6:      kennysheep_six_static_rooms, layout_layer_cave,
          hellmonk_ghost_happy_afterlife
D:7:      layout_basic, nicolae_ru_great_annihilating_truth, hex_intersection
D:8:      layout_basic, serial_shops, nicolae_shop_waterfront, uniq_psyche,
          uniq_harold
D:9:      layout_irregular_city, lair_entry_dummy
D:10:     minmay_the_grid_4x2 [minmay_the_grid_large_cup,
          minmay_the_grid_diamond_grid, minmay_the_grid_minigrid_medium,
          minmay_the_grid_tree, minmay_the_grid_plusring,
          minmay_the_grid_dragon_a, minmay_the_grid_gridbox,
          minmay_the_grid_prize_big_room], layout_cave_pools, david_orc_2
Temple:   grunt_wide_crystal_templ

Skill      XL: |  1  2  3  4  5  6  7  8  9 10 11 |
---------------+----------------------------------+-----
Spellcasting   | 4 5 6 7 9 12 | 12.0
Conjurations   | 5 6 7 9 |  9.0
Hexes          | 2 4 5 7 8 9 |  9.0
Translocations | 1 4 5 |  5.5
Fighting       | 2 5 |  5.0
Dodging        | 4 7 |  7.0
Evocations     | 4 5 |  5.0
Stealth        | 3 |  3.7

Action                   |  1- 3 |  4- 6 |  7- 9 | 10-12 || total
-------------------------+-------+-------+-------+-------++-------
 Fire: Hunting sling     |       |    12 |    69 |    28 ||   109
 Cast: Magic Dart        |    56 |    20 |     6 |     2 ||    84
       Searing Ray       |     3 |    23 |    65 |    43 ||   134
       Fulminant Prism   |       |     1 |    19 |    29 ||    49
       Iskenderun's Myst |       |       |     9 |    13 ||    22
Evoke: Wand              |       |       |       |     3 ||     3
  Use: Scroll            |       |     3 |    19 |     3 ||    25
       Potion            |       |       |       |     7 ||     7
Armor: Robe              |     2 |     7 |    20 |    35 ||    64
Dodge: Dodged            |     3 |    19 |    33 |    73 ||   128

Table legend: (Time is in decaauts)
 A = Elapsed time spent in this place.
 B = Non-inter-level travel time spent in this place.
 C = Inter-level travel time spent in this place.
 D = Time resting spent in this place.
 E = Time spent auto-exploring this place.
 F = Levels seen in this place.
 G = Mean time per level.
                   A        B        C        D        E       F      G
               +--------+--------+--------+--------+--------+-----+--------+
         Total |  12186 |  11850 |    336 |   4738 |   5517 |  11 | 1107.8 |
       Dungeon |  12167 |  11840 |    327 |   4738 |   5517 |  10 | 1216.7 |
        Temple |     18 |      9 |      9 |      0 |      0 |   1 |   18.0 |
               +--------+--------+--------+--------+--------+-----+--------+

Top non-repeatable levels by time:
     D:4: 1862 daAuts
     D:9: 1682 daAuts
     D:6: 1400 daAuts
     D:8: 1341 daAuts
     D:3: 1206 daAuts
     D:5: 1035 daAuts
     D:2: 1022 daAuts
     D:1: 986 daAuts
     D:7: 897 daAuts
    D:10: 731 daAuts
  Temple: 18 daAuts
